Map: Bridgehead LE (Void)

Players

Lapack - Winner!

  • Race: Protoss Protoss
  • League: Diamond

NoPantsToday

  • Race: Protoss Protoss
  • League: Diamond

VOD

Have the link to the VOD?

Description

Time

  • Played on: Oct. 31, 2015, 9:48 a.m.
  • Length: 4:13
Show
View Real Time Build Order
Export as new Build Order

Lapack Protoss - Winner!

Build Orders:  

Get SALT Encoding   

  12  0:01  Probe (Chrono Boost)  
  13  0:11  Probe (Chrono Boost)  
  14  0:20  Pylon  
  14  0:22  Probe (Chrono Boost)  
  15  0:38  Probe (Chrono Boost)  
  15  0:40  Gateway  
  16  0:49  Probe (Chrono Boost)  
  17  0:50  Assimilator  
  17  0:54  Assimilator  
  17  1:00  Probe (Chrono Boost)  
  18  1:08  Gateway  
  18  1:12  Probe (Chrono Boost)  
  19  1:23  Probe (Chrono Boost)  
  20  1:29  Cybernetics Core  
  20  1:33  Probe (Chrono Boost)  
  20  1:37  Pylon  
  21  1:44  Probe (Chrono Boost)  
  22  1:54  Probe (Chrono Boost)  
  23  2:03  Pylon  
  23  2:06  Stalker x2, Warp Gate (Chrono Boost)  
  27  2:21  Robotics Facility  
  27  2:36  Stalker x2  
  31  2:46  Gateway  
  31  3:07  Stalker x2  
  35  3:17  Immortal (Chrono Boost)  
  39  3:24  Pylon  
  39  3:37  Pylon  
  43  3:59  Stalker  
  43  4:02  Stalker  
Show
View Real Time Build Order
Export as new Build Order

NoPantsToday Protoss 

Build Orders: Nexus First 

Get SALT Encoding   

  12  0:01  Probe (Chrono Boost)  
  13  0:11  Probe (Chrono Boost)  
  14  0:19  Pylon  
  14  0:22  Probe (Chrono Boost)  
  15  0:37  Probe (Chrono Boost)  
  16  0:48  Probe (Chrono Boost)  
  17  0:59  Nexus  
  17  1:03  Probe (Chrono Boost)  
  18  1:13  Probe (Chrono Boost)  
  18  1:17  Gateway  
  19  1:24  Probe (Chrono Boost)  
  20  1:30  Assimilator  
  20  1:32  Assimilator  
  20  1:34  Probe (Chrono Boost)  
  21  1:45  Probe (Chrono Boost)  
  21  1:46  Gateway  
  22  1:55  Probe (Chrono Boost)  
  23  2:04  Cybernetics Core  
  23  2:11  Probe x2 (Chrono Boost)  
  25  2:22  Probe x2 (Chrono Boost)  
  27  2:25  Pylon  
  27  2:32  Probe x2 (Chrono Boost)  
  29  2:40  Stalker x2 (Chrono Boost)  
  29  2:44  Mothership Core  
  35  2:47  Probe  
  36  2:59  Probe  
  36  3:05  Probe  
  38  3:07  Stalker x2 (Chrono Boost)  
  42  3:13  Probe  
  42  3:17  Probe  
  44  3:20  Pylon  
  44  3:23  Assimilator  
  44  3:25  Assimilator  
  44  3:30  Stargate  
  44  3:34  Probe (Chrono Boost)  
  44  3:35  Probe (Chrono Boost)  
  46  3:44  Pylon  
  46  3:45  Probe x2 (Chrono Boost)  
  49  3:55  Probe (Chrono Boost)  
  49  3:56  Probe (Chrono Boost)  
  49  3:58  Stargate  
  50  4:07  Pylon  
  54  4:11  Pylon  
Tags
 
Add a new tag
Caveats
  • Supply blocks, unpowered buildings, or Contaminate may cause inaccurate times.
  • Supply counts are checked every 10 seconds.